 Dungeon Crawl Stone Soup version 0.31-a0-859-g9dce7d3444 (webtiles) character file.

Game seed: 17119613826723759080

11484 DocEon the Eclecticist (level 11, -1/54 HPs)
             Began as a Deep Elf Conjurer on Oct 9, 2023.
             Was an Elder of Vehumet.
             Slain by a skyshark (8 damage)
             ... on level 1 of the Lair of Beasts.
             The game lasted 00:16:48 (12576 turns).

DocEon the Eclecticist (Deep Elf Conjurer)         Turns: 12576, Time: 00:16:48

Health: -1/54      AC:  9    Str:  4    XL:     11   Next: 49%
Magic:  0/43       EV: 11    Int: 28    God:    Vehumet [****..]
Gold:   540        SH:  5    Dex: 13    Spells: 29/44 levels left

rFire   . . .        v - +7 morningstar
rCold   . . .        r - +0 buckler
rNeg    . . .        y - +2 robe {Will+}
rPois   .            (no helmet)
rElec   .            s - +1 cloak
rCorr   .            g - +0 pair of gloves
SInv    .            x - +1 pair of boots
Will    ++...        (no amulet)
Stlth   ++           j - ring of flight
HPRegen 0.29/turn    n - ring of magical power
MPRegen 0.28/turn

%: no passive effects
@: flying, studying Throwing
A: no striking features
a: Renounce Religion


You were on level 1 of the Lair of Beasts.
You worshipped Vehumet.
Vehumet was greatly pleased with you.
You visited 3 branches of the dungeon, and saw 12 of its levels.

You collected 540 gold pieces.

Inventory:

Hand Weapons
 v - a +7 morningstar (weapon)
Armour
 g - a +0 pair of gloves (worn)
 r - a +0 buckler (worn)
 s - a +1 cloak (worn)
 x - a +1 pair of boots (worn)
 y - a +2 robe of willpower (worn)
 C - the +0 buckler of the Hippo {rPois Will- Str+4 Int+3}
   (You found it on level 9 of the Dungeon)

   Str+4:     It affects your strength (+4).
   Int+3:     It affects your intelligence (+3).
   rPois:     It protects you from poison Will-: It decreases your willpower.
Magical Staves
 F - a staff of conjuration
Jewellery
 j - a ring of flight (left hand)
 m - a ring of wizardry
 n - a ring of magical power (right hand)
 t - a ring of positive energy
 B - a ring of positive energy
 G - a ring of fire
Wands
 a - a wand of mindburst (3)
 d - a wand of quicksilver (7)
 z - a wand of flame (27)
 A - a wand of paralysis (7)
Scrolls
 p - 3 scrolls of enchant weapon
 q - a scroll of immolation
 w - a scroll of teleportation
 E - a scroll of revelation
Potions
 b - a potion of magic
 c - a potion of mutation
 e - 3 potions of haste
 f - a potion of heal wounds
 h - 3 potions of enlightenment
 i - 4 potions of curing
 k - 5 potions of lignification
 l - a potion of cancellation
 o - 3 potions of ambrosia
 u - 2 potions of brilliance
 D - a potion of might


   Skills:
 - Level 2.4 Dodging
 - Level 2.4 Stealth
 - Level 5.0 Shields
 * Level 17.0 Spellcasting
 + Level 11.2 Conjurations
 - Level 5.0 Hexes
 - Level 5.0 Translocations


You had 29 spell levels left.
You knew the following spells:

 Your Spells              Type           Power      Damage    Failure   Level
a - Magic Dart            Conj           100%       1d8       1%          1
b - Searing Ray           Conj           100%       2d8       1%          2
c - Fulminant Prism       Conj/Hex       31%        3d15      1%          4
d - Iskenderun's Mystic   Conj/Tloc      62%        2d13      1%          4
e - Flame Wave            Conj/Fire      53%        2d13      1%          4

Your spell library contained the following spells:

 Spells                   Type           Power      Damage    Failure   Level
 Lee's Rapid Deconstruct  Erth           11%        3d8*      24%         5
 Ensorcelled Hibernation  Hex/Ice        74%        N/A       1%          2
 Lesser Beckoning         Tloc           100%       N/A       1%          2
 Dazzling Flash           Conj/Hex       100%       N/A       1%          3
 Gell's Gravitas          Tloc           51%        N/A       1%          3
 Inner Flame              Hex/Fire       37%        N/A       1%          3
 Teleport Other           Tloc           51%        N/A       1%          3
 Sticky Flame             Conj/Fire      53%        2d7       1%          4
 Necrotise                Necr           92%        1d8       3%          1
 Passwall                 Tmut/Erth      19%        N/A       5%          2
 Swiftness                Air            23%        N/A       11%         3
 Anguish                  Hex/Necr       18%        N/A       12%         4
 Agony                    Necr           23%        N/A       67%         5
 Borgnjor's Vile Clutch   Necr/Erth      11%        N/A       67%         5


Dungeon Overview and Level Annotations

Branches:
Dungeon (10/15)            Temple (1/1) D:4            Lair (1/5) D:9
    Orc: D:9-12

Altars:
Ashenzari
Cheibriados
Dithmenos
Elyvilon
Fedhas
Gozag
Hepliaklqana
Kikubaaqudgha
Makhleb
Nemelex Xobeh
Okawaru
Qazlal
Ru
Sif Muna
Trog
Uskayaw
Vehumet
Wu Jian
Xom
Yredelemnul
Zin
The Shining One

Annotations:
D:7 soul19's ghost, novice DsFi


Message History

The helpless skyshark fails to defend itself.
You hit the skyshark.
The skyshark is moderately wounded.
The skyshark is no longer paralysed.
The skyshark bites you!
The skyshark tastes blood and grows stronger!
The skyshark tail-slaps you! The skyshark tail-slaps you.
The skyshark bites you!
The skyshark enters a blood-rage!
The skyshark barely misses you. The skyshark tail-slaps you.
Casting: Iskenderun's Mystic Blast (safe; 1% risk of failure)
Confirm with . or Enter, or press ? or * to list all spells.
You erupt in a blast of force!
The mystic blast hits the skyshark!
The skyshark is heavily wounded.
The skyshark is knocked back by the mystic blast.
Aiming: Quicksilver Bolt
Press: ? - help, Shift-Dir - straight line, f/p - skyshark
Aim: a skyshark (heavily wounded, berserk, 79% to hit)
The bolt of dispelling energy hits the skyshark!
The skyshark is heavily wounded.
Casting: Iskenderun's Mystic Blast (safe; 1% risk of failure)
Confirm with . or Enter, or press ? or * to list all spells.
You erupt in a blast of force!
The mystic blast hits the skyshark.
The skyshark is heavily wounded.
The skyshark is knocked back by the mystic blast.
The skyshark barely misses you. x2; The skyshark tail-slaps you!
Casting: Iskenderun's Mystic Blast (safe; 1% risk of failure)
Confirm with . or Enter, or press ? or * to list all spells.
You erupt in a blast of force!
The mystic blast hits the skyshark.
The skyshark is severely wounded.
The skyshark is knocked back by the mystic blast.
The skyshark rages.
Aiming: Quicksilver Bolt
Press: ? - help, Shift-Dir - straight line, f/p - skyshark
Aim: a skyshark (severely wounded, berserk, 79% to hit)
The bolt of dispelling energy hits the skyshark!
The skyshark is severely wounded.
The skyshark bites you!
* * * LOW HITPOINT WARNING * * *
The skyshark tail-slaps you but does no damage.
The skyshark tail-slaps you!
You die...

.#####....l..........#
..####..†##.######...#
♣.####....########...#
...###...#########...#
..♣♣##...P########...#
.S♣~#.....#.#####....#
~.~..................#
.~~♣#................#
,~,**#..........@l...#
~,~**........#####...#
~,,,,#.......#* ##.†#
,~,,,.........* #...#
~,*,,##.P#...#* ##..#
~~,,,........## #..#
~*,,,,....#...#####..#
*,,,,................##
*,,,,.....#.....###...#


You could see a skyshark (berserk).

Vanquished Creatures
  A two-headed ogre (D:10)
  A black mamba (Lair:1)
  A cane toad (Lair:1)
  Psyche (D:9)
  2 kobold demonologists (D:9)
  A rime drake (Lair:1)
  3 trolls (D:10)
  A hornet (D:9)
  Prince Ribbit (D:7)
  Sigmund (D:4)
  15 yaks
  3 wyverns
  A steam dragon (D:9)
  Grum (D:9)
  5 vampire mosquitoes (D:10)
  2 acid dragons
  A water moccasin (D:5)
  4 orc warriors
  An ice beast (D:6)
  2 ogres (D:5)
  A black bear (D:5)
  3 wolves (D:9)
  4 centaurs
  A phantom (D:5)
  4 kobold brigands
  2 bullfrogs
  2 gnoll sergeants
  2 scorpions (D:4)
  13 wights
  A killer bee (D:4)
  A spectral centaur (D:7)
  6 howler monkeys
  An orc priest (D:9)
  A gnoll bouda (D:6)
  4 hounds
  Crazy Yiuf (D:4)
  A centaur skeleton (D:7)
  3 jellies
  3 iguanas
  9 orc wizards
  2 hell rats (Lair:1)
  A spectral howler monkey (D:7)
  23 gnolls
  18 adders
  2 shadow imps (D:6)
  3 white imps
  A howler monkey simulacrum (D:7)
  An ufetubus (D:5)
  2 worms (D:2)
  7 dart slugs
  44 orcs
  10 endoplasms
  8 giant cockroaches
  6 goblins
  8 hobgoblins
  3 jackals (D:5)
  6 quokkas
  12 ball pythons
  5 bats (D:1)
  3 frilled lizards
  15 kobolds
  3 rats
294 creatures vanquished.

Vanquished Creatures (others)
  11 fulminant prisms
11 creatures vanquished.

Grand Total: 305 creatures vanquished

Notes
Turn   | Place    | Note
-------+----------+-------------------------------------------
     0 | D:1      | DocEon the Deep Elf Conjurer began the quest for the Orb.
     0 | D:1      | Reached XP level 1. HP: 10/10 MP: 6/6
   280 | D:1      | Reached XP level 2. HP: 15/15 MP: 3/8
   455 | D:1      | Reached skill level 4 in Spellcasting
   674 | D:1      | Reached XP level 3. HP: 19/19 MP: 7/10
   677 | D:1      | Learned a level 2 spell: Searing Ray
  1426 | D:2      | Reached skill level 5 in Spellcasting
  1426 | D:2      | Reached skill level 5 in Conjurations
  1487 | D:2      | Reached XP level 4. HP: 24/24 MP: 9/13
  1781 | D:2      | Found a faded altar of an unknown god.
  2199 | D:3      | Reached skill level 6 in Spellcasting
  2199 | D:3      | Reached XP level 5. HP: 18/28 MP: 7/15
  2727 | D:3      | Reached skill level 7 in Spellcasting
  2824 | D:3      | Learned a level 4 spell: Fulminant Prism
  2829 | D:3      | Learned a level 4 spell: Iskenderun's Mystic Blast
  3285 | D:3      | Reached XP level 6. HP: 32/32 MP: 16/18
  3473 | D:4      | Found a runed translucent door.
  3474 | D:4      | Noticed Crazy Yiuf
  3522 | D:4      | Noticed Sigmund
  3526 | D:4      | Killed Sigmund
  3527 | D:4      | Reached skill level 1 in Hexes
  3527 | D:4      | Reached skill level 1 in Translocations
  4012 | D:4      | Reached skill level 8 in Spellcasting
  4012 | D:4      | Reached XP level 7. HP: 36/36 MP: 10/20
  4340 | D:4      | Reached skill level 9 in Spellcasting
  4577 | D:4      | Found a staircase to the Ecumenical Temple.
  4584 | Temple   | Entered the Ecumenical Temple
  4597 | Temple   | Became a worshipper of Vehumet
  4671 | D:4      | Got an embossed book
  4758 | D:4      | Found a white marble altar of Elyvilon.
  4922 | D:4      | Killed Crazy Yiuf
  4923 | D:4      | Reached XP level 8. HP: 37/41 MP: 15/23
  5038 | D:5      | Entered Level 5 of the Dungeon
  5365 | D:5      | Reached skill level 1 in Shields
  5862 | D:5      | Found a hide-covered altar of Uskayaw.
  5952 | D:5      | Reached skill level 10 in Spellcasting
  6066 | D:5      | Reached * piety under Vehumet
  6066 | D:5      | Offered knowledge of Shock by Vehumet.
  6141 | D:5      | Reached skill level 5 in Hexes
  6206 | D:5      | Reached XP level 9. HP: 43/45 MP: 23/25
  6982 | D:6      | Found an ancient bone altar of Kikubaaqudgha.
  7015 | D:6      | Found a shimmering altar of Xom.
  7015 | D:6      | Found an ornate altar of the Wu Jian Council.
  7068 | D:6      | Reached skill level 11 in Spellcasting
  7076 | D:6      | Reached skill level 5 in Translocations
  7627 | D:7      | Found a runed translucent gate.
  7627 | D:7      | Found a runed translucent gate.
  7629 | D:7      | Found a runed translucent gate.
  7632 | D:7      | Noticed soul19's ghost (novice DsFi)
  7711 | D:7      | Noticed Prince Ribbit
  7720 | D:7      | Killed Prince Ribbit
  7720 | D:7      | Reached ** piety under Vehumet
  7720 | D:7      | Offered knowledge of Scorch by Vehumet.
  7748 | D:7      | Reached skill level 12 in Spellcasting
  7997 | D:7      | Found the +8 Wrath of Trog {antimagic, *Rage Rampage}
  9028 | D:8      | Offered knowledge of Poisonous Vapours by Vehumet.
  9289 | D:8      | Reached *** piety under Vehumet
  9924 | D:9      | Noticed Grum
  9927 | D:9      | Reached XP level 10. HP: 50/50 MP: 28/28
  9928 | D:9      | Reached skill level 13 in Spellcasting
  9929 | D:9      | Killed Grum
 10012 | D:9      | Offered knowledge of Frozen Ramparts by Vehumet.
 10018 | D:9      | Noticed a smoke demon
 10170 | D:9      | Found a stormy altar of Qazlal.
 10331 | D:9      | Reached skill level 14 in Spellcasting
 10476 | D:9      | Found a staircase to the Lair.
 10480 | D:9      | Identified the +0 buckler of the Hippo {rPois Will- Str+4
                  | Int+3}
 10521 | D:9      | Noticed Psyche
 10533 | D:9      | Killed Psyche
 10534 | D:9      | Reached skill level 5 in Shields
 10980 | D:10     | Entered Level 10 of the Dungeon
 11079 | D:10     | Reached skill level 15 in Spellcasting
 11079 | D:10     | Reached skill level 10 in Conjurations
 11222 | D:10     | Noticed a two-headed ogre
 11234 | D:10     | Reached XP level 11. HP: 27/54 MP: 4/32
 11234 | D:10     | Killed a two-headed ogre
 11234 | D:10     | Reached **** piety under Vehumet
 11399 | D:10     | Identified the +7 chain mail "Ryran" {rF+ rC- Int+3 Stlth+}
 11582 | D:10     | Reached skill level 16 in Spellcasting
 11690 | D:10     | Learned a level 4 spell: Flame Wave
 11692 | D:10     | Identified the +6 war axe "Sehanecu" {antimagic, rCorr}
 12231 | Lair:1   | Entered Level 1 of the Lair of Beasts
 12266 | Lair:1   | Noticed a skyshark
 12490 | Lair:1   | Reached skill level 17 in Spellcasting
 12536 | Lair:1   | Offered knowledge of Lee's Rapid Deconstruction by Vehumet.
 12576 | Lair:1   | Slain by a skyshark

Illustrated notes

Levels and vault maps discovered:
D:1:      dpeg_arrival_three_smaller_balls, layout_loops_ring, st_stairs_12,
          minmay_worlds_worst_comb
D:2:      layout_rooms, chequers_ecumenical_altar_simple, grunt_ministairs_6,
          dk_noncrumbling_4, chequers_serial_rivers_micro_b
D:3:      minmay_angry_zag, layout_basic, guppyfry_early_orc_mine
D:4:      layout_basic, nicolae_elyvilon_temple_path,
          minmay_temple_entry_junction, grunt_decor_junction,
          minmay_manual_monolith, uniq_crazy_yiuf_cottage, uniq_sigmund
D:5:      minmay_octagon_keep, layout_loops_cross,
          mainiacjoe_overflow_small_starburst, hangedman_abyss_or_decor_passed
D:6:      layout_basic, lemuel_doored_altar, gammafunk_temple_overflow_pools
D:7:      layout_layer_cave, gammafunk_ghost_necromancy, uniq_prince_ribbit1
D:8:      layout_gridville
D:9:      layout_loops_ring, kennysheep_little_box, dpeg_oklobed_lair,
          uniq_psyche, uniq_grum
D:10:     layout_basic, minmay_circle_x
Temple:   eino_temple_scatter_basement
Lair:1:   layout_chaotic_city, gammafunk_ghost_ooze,
          lightli_volcano_entry_magma_tube, nicolae_quartered_pool_super,
          lemuel_fruit_fields

Skill      XL: |  1  2  3  4  5  6  7  8  9 10 11 |
---------------+----------------------------------+-----
Spellcasting   | 4 5 6 7 8 9 10 12 15 17 | 17.0
Conjurations   | 5 6 7 8 10 11 | 11.2
Hexes          | 2 3 5 |  5.0
Translocations | 1 3 4 5 |  5.0
Shields        | 2 4 5 |  5.0
Dodging        | |  2.4
Stealth        | |  2.4

Action                     |  1- 3 |  4- 6 |  7- 9 | 10-12 || total
---------------------------+-------+-------+-------+-------++-------
  Melee: Unarmed           |       |       |     4 |       ||     4
         Morningstar       |       |       |       |     3 ||     3
   Cast: Magic Dart        |    77 |   123 |   254 |    63 ||   517
         Searing Ray       |       |     6 |    32 |    18 ||    56
         Iskenderun's Myst |       |       |    32 |    65 ||    97
         Fulminant Prism   |       |       |     3 |     8 ||    11
         Flame Wave        |       |       |       |     2 ||     2
  Evoke: Wand              |       |       |       |     6 ||     6
    Use: Scroll            |       |     6 |     7 |     6 ||    19
         Potion            |       |       |       |     2 ||     2
   Stab: Paralysed         |       |       |       |     3 ||     3
 Armour: Robe              |     1 |    12 |    91 |    61 ||   165
  Dodge: Dodged            |     3 |     6 |    47 |    33 ||    89
  Block: Buckler           |       |       |     9 |    16 ||    25

Table legend: (Time is in decaauts)
 A = Elapsed time spent in this place.
 B = Non-inter-level travel time spent in this place.
 C = Inter-level travel time spent in this place.
 D = Time resting spent in this place.
 E = Time spent auto-exploring this place.
 F = Levels seen in this place.
 G = Mean time per level.
                   A        B        C        D        E       F      G
               +--------+--------+--------+--------+--------+-----+--------+
         Total |  12562 |  12253 |    309 |   2902 |   7655 |  12 | 1046.8 |
       Dungeon |  12207 |  11922 |    285 |   2767 |   7655 |  10 | 1220.7 |
        Temple |     26 |      2 |     24 |      0 |      0 |   1 |   26.0 |
          Lair |    329 |    329 |      0 |    135 |      0 |   1 |  329.0 |
               +--------+--------+--------+--------+--------+-----+--------+

Top non-repeatable levels by time:
     D:4: 1627 daAuts
     D:5: 1554 daAuts
     D:7: 1448 daAuts
     D:3: 1419 daAuts
    D:10: 1237 daAuts
     D:9: 1082 daAuts
     D:1: 1029 daAuts
     D:8: 1001 daAuts
     D:2: 939 daAuts
     D:6: 868 daAuts
  Lair:1: 329 daAuts
  Temple: 26 daAuts
